 Dungeon Crawl Stone Soup version 0.28.0-47-ge53b351184 (webtiles) character file.

Game seed: 12708379478926282808

198 H0rd4k the Charlatan (level 6, -7/44 HPs)
             Began as a Human Artificer on May 10, 2022.
             Was an Initiate of Gozag.
             Mangled by a river rat (8 damage)
             ... on level 4 of the Dungeon.
             The game lasted 00:05:33 (3433 turns).

H0rd4k the Charlatan (Human Artificer)              Turns: 3433, Time: 00:05:34

Health: -7/44      AC:  3    Str: 12    XL:     6   Next: 6%
Magic:  6/6        EV: 11    Int: 14    God:    Gozag
Gold:   135        SH:  0    Dex: 13    Spells: 5/5 levels left

rFire   . . .      SeeInvis .   i - +2 short sword (vamp)
rCold   . . .      Faith    .   (no shield)
rNeg    . . .      Spirit   .   b - +0 leather armour
rPois   .          Reflect  .   (no helmet)
rElec   .          Harm     .   (no cloak)
rCorr   .          Rampage  .   (no gloves)
Will    .....                   (no boots)
Stlth   +.........              (no amulet)
HPRegen 0.14/turn               (no ring)
MPRegen 0.10/turn               (no ring)

@: lethally poisoned (-7 -> -14), very slow
A: no striking features
a: Renounce Religion, Potion Petition, Call Merchant, Bribe Branch


You were on level 4 of the Dungeon.
You worshipped Gozag.
Gozag was aware of your devotion.
You visited 2 branches of the dungeon, and saw 5 of its levels.

You collected 201 gold pieces.
You paid 66 gold pieces to Gozag.

Inventory:

Hand Weapons
 i - a +2 vampiric short sword (weapon)
Armour
 b - a +0 leather armour (worn)
 l - an orb of guile
Magical Staves
 k - a staff of fire
Jewellery
 m - a +4 ring of evasion
 p - a ring of positive energy
Wands
 c - a wand of flame (15) (quivered)
 d - a wand of charming (8)
Scrolls
 a - 2 scrolls of identify {unknown}
 h - a scroll of teleportation {unknown}
 j - 4 scrolls of enchant armour {unknown}
 o - a scroll of immolation {unknown}
 q - a scroll of fear {unknown}
Potions
 f - a potion of attraction {unknown}
 g - a potion of brilliance {unknown}
 n - 3 potions of curing {unknown}
Miscellaneous
 e - a piece from Xom's chessboard (15/15)


   Skills:
 + Level 1.9 Fighting
 + Level 2.7 Short Blades
 + Level 3.0 Armour
 + Level 1.6 Dodging
 + Level 2.1 Stealth
 + Level 3.8 Evocations


You had 5 spell levels left.
You didn't know any spells.
Your spell library contained the following spells:

 Spells                   Type           Power      Damage    Failure   Level
 Borgnjor's Revivificati  Necr           0%         N/A       100%        8
 Necromutation            Tmut/Necr      0%         N/A       100%        8
 Death's Door             Necr           0%         N/A       100%        9


Dungeon Overview and Level Annotations

Branches:
Dungeon (4/15)             Temple (1/1) D:4

Altars:
Ashenzari
Dithmenos
Fedhas
Gozag
Kikubaaqudgha
Nemelex Xobeh
Okawaru
Ru
Uskayaw
Wu Jian
Xom
Yredelemnul

Shops:
D:1 (

Portals:
Sewer: D:4

Annotations:
D:1 exclusion: downstairs
D:2 exclusions: downstairs and ogre
D:3 exclusion: ogre
D:4 2 runed translucent doors, exclusion: door, kalagan's ghost, amateur DjCj


Message History

The adder is moderately wounded.
The adder closely misses you. The river rat barely misses you.
The orc wizard casts a spell at you. The magic dart hits you.
* * * LOW HITPOINT WARNING * * *
Unknown command.
Aiming: Charm
Press: ? - help, Shift-Dir - straight line, f - orc priest
Aim: an orc priest, wielding a +0 club and wearing a +0 leather armour (chance to affect: 59%)
The orc priest resists with significant effort.
The adder misses you. The river rat barely misses you.
The orc priest hits you with a +0 club.
* * * LOW HITPOINT WARNING * * *
The adder closely misses you.
Aiming: Charm
Press: ? - help, Shift-Dir - straight line, f/p - orc priest
Aim: an orc priest, wielding a +0 club and wearing a +0 leather armour (chance to affect: 59%)
The orc priest resists with significant effort.
The river rat barely misses you.
The orc wizard gestures wildly while chanting.
The orc wizard flickers and vanishes!
Deactivating autopickup; reactivate with Ctrl-A.
The adder bites you but does no damage. The orc priest hits you with a +0 club.
* * * LOW HITPOINT WARNING * * *
Aiming: Charm
Press: ? - help, Shift-Dir - straight line, f/p - orc priest
Aim: an orc priest, wielding a +0 club and wearing a +0 leather armour (chance to affect: 59%)
The orc priest is charmed.
The river rat bites you.
* * * LOW HITPOINT WARNING * * *
The adder bites you.
* * * LOW HITPOINT WARNING * * *
Aiming: Charm
Press: ? - help, Shift-Dir - straight line, f - adder, p - orc priest
Aim: an adder (moderately wounded, chance to affect: 67%)
The adder struggles to resist.
The adder bites you.
* * * LOW HITPOINT WARNING * * *
You are lethally poisoned!
The adder poisons you! The river rat bites you!
You die...
Your body crumbles into a pile of gold.

###.######.......#
####
#........:.....#######
########..............
#..............
#..............
#..............
###..$.........
#....o≈≈.....
#...r@≈≈≈....
#...≈≈S≈≈....
#...≈≈≈≈≈...#
#....≈≈≈....#
##......$...#
#..........#
######.....# ######


You could see an adder (ally target), a river rat and a friendly orc priest
(charmed).

Vanquished Creatures
  A howler monkey (D:4)
  3 adders
  2 ufetubi (D:4)
  A worm (D:3)
  5 orcs
  3 endoplasms
  A giant cockroach (D:3)
  5 goblins
  5 hobgoblins
  10 kobolds
  2 quokkas
  5 ball pythons
  8 bats
  A frilled lizard (D:3)
  A quokka skeleton (D:4)
  6 rats
59 creatures vanquished.

Vanquished Creatures (collateral kills)
  A scorpion (D:4)
1 creature vanquished.

Vanquished Creatures (others)
  A black bear (D:4)
1 creature vanquished.

Grand Total: 61 creatures vanquished

Notes
Turn   | Place    | Note
-------+----------+-------------------------------------------
     0 | D:1      | H0rd4k the Human Artificer began the quest for the Orb.
     0 | D:1      | Reached XP level 1. HP: 15/15 MP: 1/1
    60 | D:1      | Found Edyha's Weapon Boutique.
   377 | D:1      | Reached XP level 2. HP: 21/21 MP: 2/2
   980 | D:2      | Reached XP level 3. HP: 26/26 MP: 3/3
  1494 | D:2      | Noticed an ogre
  1886 | D:3      | Noticed an ogre
  1903 | D:3      | Reached skill level 1 in Short Blades
  1903 | D:3      | Reached XP level 4. HP: 21/32 MP: 4/4
  2898 | D:4      | Found a runed translucent door.
  2914 | D:4      | Noticed kalagan's ghost (amateur DjCj)
  2939 | D:4      | Found a runed translucent door.
  3054 | D:4      | Noticed a black bear
  3095 | D:4      | Noticed a scorpion
  3105 | D:4      | Killed a scorpion
  3106 | D:4      | Reached XP level 5. HP: 13/37 MP: 5/5
  3125 | D:4      | Found a staircase to the Ecumenical Temple.
  3136 | Temple   | Entered the Ecumenical Temple
  3177 | Temple   | Became a worshipper of Gozag Ym Sagoz the Greedy
  3320 | D:4      | Reached XP level 6. HP: 17/44 MP: 6/6
  3346 | D:4      | Noticed an orc warrior
  3417 | D:4      | Found a glowing drain.
  3432 | D:4      | HP: 2/44 [adder (2)]
  3433 | D:4      | Mangled by a river rat

Illustrated notes

Levels and vault maps discovered:
D:1:      lightli_molten_gateway, layout_basic, serial_shops,
          nicolae_shop_waterfront, grunt_decor_one_mirror
D:2:      layout_loops_ring, kennysheep_generic_room_2
D:3:      layout_basic
D:4:      layout_basic, temple_hall, ebering_ghost_sewer_f,
          portal_sewer_entry_a, minmay_misc_feat_roman, minmay_hedge_maze
Temple:   minmay_temple_bridge_abc

Skill      XL: |  1  2  3  4  5 |
---------------+----------------+-----
Short Blades   | 1 2 |  2.7
Stealth        | 2 |  2.1
Armour         | 3 |  3.0
Fighting       | |  1.9
Dodging        | |  1.6
Evocations     | |  3.8

Action                   |  1- 3 |  4- 6 || total
-------------------------+-------+-------++-------
Melee: Club              |     7 |       ||     7
       Short sword       |    93 |   118 ||   211
       Punch             |     1 |     2 ||     3
Evoke: Wand              |       |     7 ||     7
 Stab: Sleeping          |     2 |     2 ||     4
       Distracted        |       |     2 ||     2
Armor: Leather armour    |    26 |    29 ||    55
Dodge: Dodged            |    71 |    98 ||   169
